 Dungeon Crawl Stone Soup version 0.29-a0-598-gd8304a5bf4 (webtiles) character file.

Game seed: 16403845013536088995

142 enile the Shield-Bearer (level 5, -3/42 HPs)
             Began as a Formicid Fighter on June 15, 2022.
             Slain by an ogre
             ... wielding a +0 giant club
              (29 damage)
             ... on level 6 of the Dungeon.
             The game lasted 00:03:05 (1282 turns).

enile the Shield-Bearer (Formicid Fighter)          Turns: 1282, Time: 00:03:05

Health: -3/42      AC:  6    Str: 23    XL:     5   Next: 50%
Magic:  5/5        EV: 10    Int:  7    God:
Gold:   45         SH:  5    Dex: 13    Spells: 4/4 levels left

rFire   . . .      SeeInvis +   a - +0 flail
rCold   . . .      Faith    .   c - +0 buckler
rNeg    . . .      Spirit   .   b - +0 scale mail
rPois   .          Reflect  .   (helmet unavailable)
rElec   .          Harm     .   (no cloak)
rCorr   .          Rampage  .   (no gloves)
Will    .....                   (no boots)
Stlth   ..........              (no amulet)
HPRegen 0.14/turn               e - ring of wizardry
MPRegen 0.09/turn               (no ring)

@: mighty
A: permanent stasis, dig shafts and tunnels, antennae 3, four strong arms
a: Dig, Shaft Self


You were on level 6 of the Dungeon.
You visited 1 branch of the dungeon, and saw 5 of its levels.

You collected 45 gold pieces.

Inventory:

Hand Weapons
 a - a +0 flail (weapon)
Missiles
 r - 3 javelins (quivered)
Armour
 b - a +0 scale mail (worn)
 c - a +0 buckler (worn)
Jewellery
 e - a ring of wizardry (left hand)
Wands
 t - a wand of flame (14)
Scrolls
 f - a scroll of identify
 g - a scroll of brand weapon
 j - a scroll of noise
 k - 2 scrolls of fog
 l - 3 scrolls of magic mapping
Potions
 h - a potion of cancellation {unknown}
 i - 2 potions of heal wounds {unknown}
 m - a potion of invisibility {unknown}
 n - 2 potions of degeneration {unknown}
 o - a potion of ambrosia {unknown}
 p - 4 potions of curing {unknown}
 q - a potion of flight {unknown}
 s - a potion of brilliance {unknown}


   Skills:
 - Level 4.0 Fighting
 - Level 2.1 Maces & Flails
 + Level 3.2 Throwing
 - Level 3.3 Armour
 - Level 2.0 Dodging
 - Level 4.1 Shields


You had 4 spell levels left.
You didn't know any spells.
Your spell library was empty.

Dungeon Overview and Level Annotations

Branches:
Dungeon (7/15)
 Temple: D:4-7

Altars:


Innate Abilities, Weirdness & Mutations

You cannot be hasted, slowed, berserked, paralysed or teleported.
You can dig through walls and to a lower floor.
You have a pair of large antennae on your head. (SInv)
Your four strong arms can wield two-handed weapons with a shield.


Message History

Found 14 stones.
Found a scratched peridot ring.
e - a ring of wizardry
e - a ring of wizardry (left hand)
Your library has no spells.
You open the door.
There is an open door here.
Found a short sword.
You open the door.
There is an open door here.
An adder comes into view.
The adder hisses angrily.
Throw: 3 javelins
Press: ? - help, Q - select action, (/) - cycle Shift-Dir - straight line, f - adder
Aim: an adder (42% to hit)
You throw a javelin. The javelin misses the adder.
Throw: 2 javelins
Press: ? - help, Q - select action, (/) - cycle Shift-Dir - straight line, f/p - adder
Aim: an adder (42% to hit)
You throw a javelin. The javelin barely misses the adder.
The adder bites you but does no damage.
You thump the adder!
You kill the adder!
r - 2 javelins (gained 1)
r - 3 javelins (gained 1)
An ogre comes into view. It is wielding a +0 giant club.
The ogre shouts!
Okay, then.
Okay, then.
Okay, then.
Okay, then.
You feel very mighty all of a sudden.
You hit the ogre.
The ogre is lightly wounded.
The ogre hits you with a +0 giant club!
You completely miss the ogre.
The ogre is lightly wounded.
The ogre hits you with a +0 giant club!!
Ouch! That really hurt!
You die...

#.........# ...
#######.### ... #.# #.#
##'## #.# ##...## #.# ##
##.....# #.##.##
##.......
.######O#...####........
.......@.......+........
.######.#...####........
#.# .## ##....... #.# #
##.....# #.# ##)..## #.#
##'## #.#### #.# #....#
#.# ####.#########.##


You could see an ogre.

Vanquished Creatures
  A necrophage (D:4)
  A hound (D:4)
  2 adders
  A worm (D:4)
  2 dart slugs (D:1)
  7 ball pythons
  3 bats (D:1)
  An endoplasm (D:1)
  A giant cockroach (D:4)
  3 hobgoblins
  2 frilled lizards (D:1)
  A kobold (D:1)
  2 rats (D:1)
27 creatures vanquished.

Vanquished Creatures (others)
  6 plants (D:7)
6 creatures vanquished.

Grand Total: 33 creatures vanquished

Notes
Turn   | Place    | Note
-------+----------+-------------------------------------------
     0 | D:1      | enile the Formicid Fighter began the quest for the Orb.
     0 | D:1      | Reached XP level 1. HP: 18/18 MP: 1/1
   185 | D:1      | Reached XP level 2. HP: 24/24 MP: 2/2
   676 | D:1      | Reached XP level 3. HP: 30/30 MP: 3/3
   723 | D:2      | You fall into a shaft and drop 2 floors!
   753 | D:4      | Reached skill level 1 in Dodging
   778 | D:4      | Reached skill level 1 in Throwing
   778 | D:4      | Reached XP level 4. HP: 24/37 MP: 4/4
   910 | D:4      | Noticed a necrophage
   929 | D:4      | Killed a necrophage
   930 | D:4      | Reached XP level 5. HP: 29/42 MP: 5/5
  1144 | D:4      | Noticed an ogre
  1149 | D:4      | You fall into a shaft and drop 3 floors!
  1183 | D:7      | Noticed an ogre
  1277 | D:6      | Noticed an ogre
  1282 | D:6      | Slain by an ogre

Illustrated notes

Levels and vault maps discovered:
D:1:      saegor_arrival_simple_e, layout_basic, chequers_serial_rivers_small_3
D:2:      layout_loops_ring, shapermc_ecumenical_altar_venn, serial_shops,
          nicolae_square_shop
D:4:      kennysheep_spiral_hall, layout_basic, ebering_dispersal_statue_hall,
          minmay_box_of_dots
D:6:      layout_loops_corners
D:7:      layout_loops_corners, minmay_temple_entry_waves, enter_bailey_6,
          minmay_shop_enchanted_jewellery, serial_park_tiny_2,
          serial_bayou_lagoon_a, kennysheep_cluttered_room

Skill      XL: |  1  2  3  4 |
---------------+-------------+-----
Fighting       | 4 |  4.0
Dodging        | 2 |  2.0
Throwing       | 1 3 |  3.2
Maces & Flails | |  2.1
Armour         | |  3.3
Shields        | |  4.1

Action                   |  1- 3 |  4- 6 || total
-------------------------+-------+-------++-------
Melee: Flail             |    55 |    24 ||    79
Throw: Javelin           |     3 |     8 ||    11
 Abil: Shaft Self        |       |     1 ||     1
  Use: Scroll            |       |     5 ||     5
       Potion            |       |     1 ||     1
Armor: Scale mail        |    35 |    12 ||    47
Dodge: Dodged            |    38 |     5 ||    43
Block: Buckler           |    18 |     4 ||    22

Table legend: (Time is in decaauts)
 A = Elapsed time spent in this place.
 B = Non-inter-level travel time spent in this place.
 C = Inter-level travel time spent in this place.
 D = Time resting spent in this place.
 E = Time spent auto-exploring this place.
 F = Levels seen in this place.
 G = Mean time per level.
                   A        B        C        D        E       F      G
               +--------+--------+--------+--------+--------+-----+--------+
         Total |   1315 |   1296 |     19 |      0 |    935 |   5 |  263.0 |
       Dungeon |   1315 |   1296 |     19 |      0 |    935 |   5 |  263.0 |
               +--------+--------+--------+--------+--------+-----+--------+

Top non-repeatable levels by time:
     D:1: 721 daAuts
     D:4: 441 daAuts
     D:6: 90 daAuts
     D:7: 42 daAuts
     D:2: 18 daAuts
